 Dungeon Crawl Stone Soup version 0.17-a0-1838-g891d947 (webtiles) character file.

165 MayumiScott the Firebug (level 5, -10/57 HPs)
             Began as a Demigod Fire Elementalist on Sept 15, 2015.
             Killed by divine providence
             ... invoked by an orc priest
              (13 damage)
             ... on level 4 of the Dungeon.
             The game lasted 00:58:14 (3202 turns).

MayumiScott the Firebug (Demigod Fire Elementalist) Turns: 3202, Time: 00:58:16

Health: -10/57     AC: 22    Str: 11    XL:     5   Next: 1%
Magic:  11/20      EV:  2    Int: 21    God:
Gold:   125        SH:  0    Dex: 16    Spells: 3 memorised, 3 levels left

rFire  + . .     SeeInvis .     v - +1 short sword
rCold  . . .     Clarity  .     (armour currently unavailable)
rNeg   + + +     SustAt   +     (no shield)
rPois  +         Gourm    .     (helmet currently unavailable)
rElec  .         Spirit   .     (cloak currently unavailable)
rCorr  .         Warding  .     (gloves currently unavailable)
rMut   .         NoTele   +     (boots currently unavailable)
MR     .....                    (no amulet)
Stlth  +++.......               u - ring of magical power
                                p - ring of protection from fire

@: tree-form, not resistant to hostile enchantments, fairly stealthy
A: high mp 1, sustain attributes
a: no special abilities


You were on level 4 of the Dungeon.
You were hungry.
You were a tree.
You visited 1 branch of the dungeon, and saw 4 of its levels.

You collected 125 gold pieces.

Inventory:

Hand weapons
 j - a +3 spear
 t - a cursed -3 dagger
 v - a +1 short sword (weapon)
 w - a +1 mace of protection
Armour
 e - a +0 pair of gloves
 l - a +0 robe
 q - a +3 leather armour (melded)
 A - a +1 cloak (melded)
Jewellery
 p - a ring of protection from fire (left branch)
 u - a ring of magical power (right branch)
Scrolls
 a - a scroll of amnesia
 y - 2 scrolls of recharging
Potions
 d - a potion of ambrosia {unknown}
 f - a potion of resistance
 i - a potion of haste {unknown}
 m - a potion of brilliance
 s - a potion of cancellation {unknown}
 x - a potion of poison {unknown}
Books
 b - a book of Flames

   Spells                             Type                      Level
   a - Flame Tongue                   Conjuration/Fire             1
   b - Throw Flame                    Conjuration/Fire             2
   c - Conjure Flame                  Conjuration/Fire             3
   d - Inner Flame                    Hexes/Fire                   3
   e - Sticky Flame                   Conjuration/Fire             4
   f - Fireball                       Conjuration/Fire             5
 z - a book of Maledictions

   Spells                             Type                      Level
   a - Corona                         Hexes                        1
   b - Ensorcelled Hibernation        Hexes/Ice                    2
   c - Confuse                        Hexes                        3
   d - Tukima's Dance                 Hexes                        3
   e - Dazzling Spray                 Conjuration/Hexes            3
Comestibles
 c - 2 bread rations
 o - 5 chunks of flesh


   Skills:
 + Level 0.1 Fighting
 + Level 0.3 Armour
 + Level 2.1 Dodging
 + Level 2.0 Stealth
 + Level 2.6 Spellcasting
 + Level 2.0 Conjurations
 + Level 4.1 Fire Magic


You had 3 spell levels left.
You knew the following spells:

 Your Spells              Type           Power        Failure   Level  Hunger
a - Flame Tongue          Conj/Fire      ###..        4%          1    None
b - Throw Flame           Conj/Fire      ###...       8%          2    ##.....
c - Conjure Flame         Conj/Fire      ###.....     14%         3    ###....


Dungeon Overview and Level Annotations

Branches:
Dungeon (4/15)
 Temple: D:4-7

Portals:
Ossuary: D:4

Annotations:
D:4 Blork the orc


Innate Abilities, Weirdness & Mutations

You have an increased reservoir of magic (+10% MP).
Your attributes are resistant to harm.


Message History

* * * LOW HITPOINT WARNING * * *
The scorpion barely misses you.
The worker ant waves its antennae.
The worker ant closely misses you. Something hits you.
* * * LOW HITPOINT WARNING * * *
It was a potion of lignification.
You turn into a tree.
Your +1 cloak melds into your body.
Your +3 leather armour melds into your body.
Your roots penetrate the ground.
The scorpion stings you but does no damage.
The worker ant bites you but does no damage.
Something hits you but does no damage.
You hit the scorpion.
The scorpion is heavily wounded.
The worker ant bites you but does no damage.
The scorpion stings you but does no damage.
Something hits you but does no damage.
The orc priest mumbles some strange prayers to Beogh against you.
Something smites you!
You die...

.## ..# ... #.# ... #.# <.. #.# #
# .. #># #.#### .#### #s# #)##..#
#...# #♣# ......# #...# #a#
######### #.....###...# #.#
##.......# #.##.#......####o#
#......#.#
#........o.o.{.o.######..###.#.##
#.##.#..##..######...............
#...........# #.####..#...#.##
o....#......# ####.####......#.#
#######.##### #......###...(...#


You could see a scorpion, a worker ant, an orc priest and an orc.

Vanquished Creatures
  A scorpion (D:4)
  A hound skeleton (D:4)
  2 adders
  An ooze (D:1)
  An adder zombie (D:3)
  2 worms
  4 giant geckos
  3 orcs (D:3)
  3 giant cockroaches
  11 hobgoblins
  9 kobolds
  A quokka (D:2)
  A ball python (D:4)
  10 bats
  A giant newt (D:2)
  8 goblins
  9 rats
68 creatures vanquished.

Notes
Turn   | Place    | Note
--------------------------------------------------------------
     0 | D:1      | MayumiScott the Demigod Fire Elementalist began the quest for the Orb.
     0 | D:1      | Reached XP level 1. HP: 14/14 MP: 5/5
   108 | D:1      | Reached skill level 1 in Conjurations
   134 | D:1      | Reached skill level 3 in Fire Magic
   302 | D:1      | Reached XP level 2. HP: 14/20 MP: 4/7
   317 | D:1      | Learned a level 2 spell: Throw Flame
  1280 | D:2      | Reached XP level 3. HP: 26/26 MP: 0/8
  1475 | D:2      | Found an opulent altar of Gozag.
  2512 | D:3      | Reached XP level 4. HP: 30/33 MP: 2/10
  2718 | D:3      | Learned a level 3 spell: Conjure Flame
  2884 | D:3      | Learned a level 3 spell: Conjure Flame
  2974 | D:4      | Reached skill level 4 in Fire Magic
  3144 | D:4      | Noticed Blork the orc
  3162 | D:4      | Found a sand-covered staircase.
  3199 | D:4      | Reached XP level 5. HP: 11/38 MP: 11/11
  3202 | D:4      | Killed from afar by an orc priest

Vault maps used:
D:1:      evilmike_arrival_crescent, kennysheep_doodads
D:2:      grunt_gozag_breadcrumbs
D:4:      enter_ossuary_4, uniq_blork_the_orc

Action                   |  1- 3 |  4- 6 || total
-------------------------+-------+-------++-------
Melee: Unarmed           |     4 |       ||     4
       Short sword       |     8 |    10 ||    18
 Cast: Flame Tongue      |    69 |    28 ||    97
       Throw Flame       |    30 |    12 ||    42
       Conjure Flame     |       |     1 ||     1
  Use: Scroll            |     5 |     7 ||    12
       Potion            |       |     2 ||     2
  Eat: Chunk             |     3 |     2 ||     5
       Meat ration       |     1 |       ||     1
